 Dungeon Crawl Stone Soup version 0.31-a0-662-g684573625c (webtiles) character file.

Game seed: 16606398291450354356

8120 McSplat the Reanimator (level 11, -4/83 HPs)
             Began as a Mummy Necromancer on Aug 26, 2023.
             Was an Elder of Ru.
             Killed from afar by an acid dragon (15 damage)
             ... with a splash of acid
             ... on level 9 of the Dungeon on Aug 31, 2023.
             The game lasted 00:42:14 (10131 turns).

McSplat the Reanimator (Mummy Necromancer)         Turns: 10131, Time: 00:42:15

Health: -4/83      AC: 11    Str: 12    XL:     11   Next: 5%
Magic:  0/17       EV: 13    Int: 19    God:    Ru [****..]
Gold:   411        SH:  5    Dex: 18    Spells: 2/18 levels left

rFire   . . .        d - +2 trident (flame)
rCold   + . .        (shield unavailable)
rNeg    + + +        j - +2 leather armour {rF+}
rPois   ∞            g - +2 helmet
rElec   .            (no cloak)
rCorr   .            m - +2 pair of gloves
SInv    .            (no boots)
Will    .....        b - amulet of reflection
Stlth   ++           (ring unavailable)
HPRegen 0.33/turn    q - +6 ring of dexterity
MPRegen 0.15/turn

%: reflection, faith
@: marked
A: cold resistance 1, negative energy resistance 3, torment resistance 2, heat
vulnerability 1, missing a hand, weak-willed 1, in touch with death 1, no
potions, faith
a: Renounce Religion, Draw Out Power, Power Leap


You were on level 9 of the Dungeon.
You worshipped Ru.
Ru was greatly pleased with you.
You visited 1 branch of the dungeon, and saw 9 of its levels.
You also visited: Ossuary.

You collected 456 gold pieces.
You spent 45 gold pieces at shops.

Inventory:

Hand Weapons
 d - a +2 trident of flaming (weapon)
Armour
 g - a +2 helmet (worn)
 j - a +2 leather armour of fire resistance (worn)
 m - a +2 pair of gloves (worn)
Jewellery
 b - an amulet of reflection (around neck)
 q - a +6 ring of dexterity (right hand)
Wands
 e - a wand of flame (38)
 k - a wand of digging (6)
 p - a wand of polymorph (8)
 t - a wand of charming (18)
 u - a wand of mindburst (4)
Scrolls
 a - a scroll of amnesia
 c - 3 scrolls of teleportation
 f - 2 scrolls of blinking
 h - a scroll of revelation
 i - a scroll of fear {unknown}
 l - a scroll of butterflies
 n - a scroll of torment
 r - a scroll of immolation
 v - a scroll of fog {unknown}


   Skills:
 + Level 6.7 Fighting
 + Level 9.2 Polearms
 - Level 4.2 Dodging
 - Level 1.5 Stealth
 - Level 4.3 Spellcasting
 - Level 3.0 Hexes
 - Level 10.0 Necromancy


You had 2 spell levels left.
You knew the following spells:

 Your Spells              Type           Power      Damage    Failure   Level
a - Necrotise             Necr           100%       1d9       1%          1
b - Vampiric Draining     Necr           59%        2d10      1%          3
c - Animate Dead          Necr           59%        N/A       2%          4
d - Agony                 Necr           59%        N/A       8%          5
e - Confusing Touch       Hex            15%        N/A       14%         3

Your spell library contained the following spells:

 Spells                   Type           Power      Damage    Failure   Level
 Slow                     Hex            60%        N/A       4%          1
 Irradiate                Conj/Tmut      2%         3d12      99%         5
 Wereblood                Tmut           Unusable   N/A       N/A         2

Dungeon Overview and Level Annotations

Branches:
Dungeon (9/15)             Temple (0/1) D:6            Lair (0/5) D:8
Ossuary (visited)
    Orc: D:9-12

Altars:
Kikubaaqudgha
Ru
Vehumet
Wu Jian
Yredelemnul

Shops:
D:1 *

Annotations:
D:2 1 runed translucent door, Crazy Yiuf
D:9 Harold


Innate Abilities, Weirdness & Mutations

You are immune to poison.
Your flesh is cold resistant. (rC+)
You are immune to negative energy. (rN+++)
You are immune to unholy pain and torment.
You are vulnerable to heat. (rF-)
You are missing a hand.
You are slightly weak-willed. (Will-)
You are in touch with the powers of death.
You do not drink.
You have a special connection with the divine. (Faith)


Message History

* * * LOW HITPOINT WARNING * * *
You can't drink.
Unknown command.
Unknown command.
You can't drink.
Unknown command.
Unknown command.
Unknown command.
Unknown command.
Unknown command.
Aiming: Throw Flame
Press: ? - help, Shift-Dir - straight line, f/p - Harold
Aim: Harold, wielding a +1 long sword of protection, wearing a +3 scale mail of fire resistance and quivering 2 throwing nets (severely wounded, blind, ally target, 81% to hit)
The puff of flame hits Harold.
Harold resists.
Harold is almost dead.
Harold is no longer blind.
You redirect Harold's attack!
Harold hits himself with a +1 long sword of protection.
Your yak zombie completely misses the yak.
An orc comes into view. It is wielding a +0 mace.
Harold begins to cast a spell, but is stunned by your conviction!
Your yak zombie gores the yak!
As you read the scroll of teleportation, it crumbles to dust.
You feel strangely unstable.
Casting: Necrotise (safe; 1% risk of failure)
Confirm with . or Enter, or press ? or * to list all spells.
Aiming: Necrotise (safe; 1% risk of failure)
Press: ? - help, Shift-Dir - straight line, f/p - Harold
Aim: Harold, wielding a +1 long sword of protection, wearing a +3 scale mail of fire resistance and quivering 2 throwing nets (almost dead, not watching you, ally target, chance to affect: 52%)
You feel a surge of power!
Harold writhes in agony.
Your yak zombie gores the yak.
Harold throws a throwing net.
The throwing net hits you.
You become entangled in the net!
Unknown command.
You tear a large gash into the net.
Your surroundings suddenly seem different.
An acid dragon comes into view.
Found a stone staircase leading up.
The acid dragon spits acid at you. The splash of acid hits you!
You die...

#############.
#.............
#.............
#.............
#.............
#.............
#.....@<......
#.............
#....D........
#.............
#................
#................######
#......................
#......................
#...........).......>..


You could see an acid dragon (catching breath).

Vanquished Creatures
  A hornet (D:9)
  Grinder (D:4)
  A shadow (D:9)
  11 yaks
  A steam dragon (D:6)
  Eustachio (D:4)
  2 water moccasins (D:7)
  Duvessa (D:5)
  3 orc warriors
  2 sky beasts (D:7)
  A black bear (D:8)
  6 ice beasts
  3 wolves
  A centaur (D:3)
  An ogre (D:4)
  3 bullfrogs
  8 scorpions (Ossuary)
  6 wights
  Dowan (D:5)
  2 killer bees (D:9)
  A howler monkey (D:6)
  2 centaur zombies
  4 human zombies (Ossuary)
  A hound (D:6)
  2 jellies
  6 orc priests
  A gnoll bouda (D:7)
  A sleepcap (D:7)
  Terence (D:2)
  2 iguanas
  4 orc wizards
  7 scorpion zombies (Ossuary)
  4 mummies
  A howler monkey zombie (D:9)
  Robin (D:2)
  6 gnolls (D:7)
  11 adders
  A shadow imp (D:7)
  A white imp (D:5)
  An ufetubus (D:6)
  2 worms
  3 dart slugs
  19 orcs
  4 bat skeletons (D:8)
  2 bat zombies (D:8)
  8 endoplasms
  3 giant cockroaches
  11 goblins
  13 hobgoblins
  2 quokkas
  6 ball pythons
  4 bats (D:1)
  2 frilled lizards
  A gnoll zombie (Ossuary)
  3 goblin zombies
  3 hobgoblin zombies (Ossuary)
  3 kobolds
  2 kobold zombies
  2 orc zombies (Ossuary)
  4 rats
211 creatures vanquished.

Vanquished Creatures (collateral kills)
  A rime drake (D:8)
  3 yaks (D:9)
  Grum (D:9)
  2 ice beasts (D:8)
  2 wolves
  2 bullfrogs
  2 killer bees (D:9)
  A howler monkey (D:8)
  An orc priest (D:9)
  A jelly (D:6)
  3 orc wizards
  A shadow imp (D:8)
  8 orcs
  2 endoplasms (D:1)
  A goblin (D:2)
  A frilled lizard (D:3)
  2 rats (D:1)
34 creatures vanquished.

Vanquished Creatures (others)
  A hornet zombie (D:9)
  2 wolves
  4 yak zombies (D:9)
  A killer bee (D:9)
  3 wolf zombies (D:9)
  2 bullfrog zombies (D:9)
  4 killer bee zombies (D:9)
  9 orc zombies
  An orc (D:9)
  2 gnoll zombies (D:7)
29 creatures vanquished.

Grand Total: 274 creatures vanquished

Notes
Turn   | Place    | Note
-------+----------+-------------------------------------------
     0 | D:1      | McSplat the Mummy Necromancer began the quest for the Orb.
     0 | D:1      | Reached XP level 1. HP: 13/13 MP: 4/4
   295 | D:1      | Reached XP level 2. HP: 19/19 MP: 3/5
   349 | D:1      | Found Yxtoad's Assorted Antiques.
   354 | D:1      | Bought a scroll labelled QAUCKO WIENAPN for 15 gold pieces
   354 | D:1      | Bought a scroll labelled XAPSOPSAUXU for 15 gold pieces
   857 | D:1      | Bought a scroll labelled YDIJIO DAXESKA for 15 gold pieces
  1196 | D:2      | Gained mutation: You are in touch with the powers of death.
                  | [Mummy growth]
  1196 | D:2      | Reached XP level 3. HP: 25/25 MP: 1/7
  1200 | D:2      | Learned a level 3 spell: Vampiric Draining
  1451 | D:2      | Found a runed translucent door.
  1452 | D:2      | Noticed Crazy Yiuf
  1473 | D:2      | Noticed Robin
  1513 | D:2      | Reached skill level 1 in Fighting
  1754 | D:2      | Reached skill level 1 in Polearms
  1849 | D:2      | Reached XP level 4. HP: 32/32 MP: 3/9
  2046 | D:2      | Noticed Terence
  2049 | D:2      | Killed Terence
  2115 | D:2      | Killed Robin
  2365 | D:2      | Learned a level 4 spell: Animate Dead
  2374 | D:3      | Reached XP level 5. HP: 37/37 MP: 3/10
  2461 | D:3      | Noticed a centaur
  2471 | D:3      | Killed a centaur
  2472 | D:3      | Reached skill level 5 in Necromancy
  2789 | D:3      | Reached XP level 6. HP: 43/43 MP: 8/12
  2886 | D:3      | Found a faded altar of an unknown god.
  2955 | D:3      | Learned a level 5 spell: Agony
  3088 | D:3      | Found an ornate altar of the Wu Jian Council.
  3337 | D:4      | Found a sacrificial altar of Ru.
  3337 | D:4      | Noticed Eustachio
  3349 | D:4      | Killed Eustachio
  3786 | D:4      | Reached XP level 7. HP: 33/48 MP: 1/13
  3916 | D:4      | Noticed Grinder
  3917 | D:4      | Upgraded the game from 0.31-a0-636-ge1c0e020e0 to
                  | 0.31-a0-656-gb4d89c20fa
  4138 | D:4      | Became a worshipper of Ru the Awakened
  4326 | D:4      | Killed Grinder
  4327 | D:4      | Reached skill level 6 in Necromancy
  4518 | D:4      | Found a radiant altar of Vehumet.
  4576 | D:5      | Entered Level 5 of the Dungeon
  4614 | D:5      | Found a sand-covered staircase.
  4621 | Ossuary  | Entered an ossuary
  4735 | Ossuary  | Reached XP level 8. HP: 46/54 MP: 6/14
  5186 | Ossuary  | Reached skill level 7 in Necromancy
  5348 | Ossuary  | Reached skill level 5 in Polearms
  6042 | D:5      | Noticed Duvessa
  6044 | D:5      | Noticed Dowan
  6058 | D:5      | Killed Duvessa
  6059 | D:5      | Reached skill level 8 in Necromancy
  6065 | D:5      | Killed Dowan
  6400 | D:6      | Reached XP level 9. HP: 51/61 MP: 12/15
  6404 | D:6      | Learned a level 3 spell: Confusing Touch
  6630 | D:6      | Reached skill level 1 in Hexes
  6929 | D:6      | Found a staircase to the Ecumenical Temple.
  7563 | D:7      | Reached skill level 9 in Necromancy
  8072 | D:7      | Gained mutation: You are missing a hand. [Ru sacrifice]
  8072 | D:7      | Reached * piety under Ru
  8072 | D:7      | Reached ** piety under Ru
  8072 | D:7      | Reached *** piety under Ru
  8229 | D:8      | Noticed a rime drake
  8257 | D:8      | Killed a rime drake
  8258 | D:8      | Reached XP level 10. HP: 38/67 MP: 2/16
  8269 | D:8      | Reached skill level 10 in Necromancy
  8271 | D:8      | Found a staircase to the Lair.
  9137 | D:8      | Found an ancient bone altar of Kikubaaqudgha.
  9701 | D:9      | Found a basalt altar of Yredelemnul.
  9751 | D:9      | Noticed Grum
  9753 | D:9      | Upgraded the game from 0.31-a0-656-gb4d89c20fa to
                  | 0.31-a0-662-g684573625c
  9788 | D:9      | Reached skill level 5 in Fighting
  9808 | D:9      | Killed Grum
  9986 | D:9      | Gained mutation: You are slightly weak-willed. (Will-) [Ru
                  | sacrifice]
  9986 | D:9      | Reached **** piety under Ru
 10017 | D:9      | Noticed Harold
 10094 | D:9      | Reached XP level 11. HP: 63/83 MP: 11/17
 10131 | D:9      | Killed from afar by an acid dragon

Illustrated notes

Levels and vault maps discovered:
D:1:      lightli_arrival_lavapool, layout_basic, serial_shops, shop
D:2:      layout_loops_corners, uniq_robin, uniq_terence,
          uniq_crazy_yiuf_cottage
D:3:      layout_basic, amethyst_overflow_temple_binary,
          shapermc_ecumenical_altar_flowoftime, minmay_checkerbox
D:4:      layout_loops_corners, nicolae_ru_awakened_eye, minitemple,
          uniq_grinder, uniq_eustachio
D:5:      layout_rooms, nicolae_ossuary_entry_giza, uniq_duvessa
D:6:      layout_rooms, minmay_temple_entry_statues_fountains
D:7:      layout_gridville
D:8:      layout_gridville, kennysheep_vampire_church, hellmonk_lair_entry_icy,
          lightli_minifort
D:9:      layout_long_grid, lemuel_zombie_altar_yredelemnul,
          lightli_fourway_metalbox, uniq_harold, uniq_grum

Skill      XL: |  1  2  3  4  5  6  7  8  9 10 |
---------------+-------------------------------+-----
Spellcasting   | 3 4 |  4.3
Dodging        | 2 3 4 |  4.2
Fighting       | 1 2 6 |  6.7
Polearms       | 1 2 3 5 7 9 |  9.2
Necromancy     | 5 6 8 9 10 | 10.0
Hexes          | 3 |  3.0
Stealth        | |  1.5

Action                     |  1- 3 |  4- 6 |  7- 9 | 10-12 || total
---------------------------+-------+-------+-------+-------++-------
  Melee: Trident           |    10 |    60 |   369 |   231 ||   670
         Punch             |       |     2 |     3 |       ||     5
   Cast: Necrotise         |    74 |    68 |   129 |    23 ||   294
         Vampiric Draining |       |     5 |    10 |    23 ||    38
         Animate Dead      |       |       |     2 |     6 ||     8
         Confusing Touch   |       |       |       |     1 ||     1
 Invoke: Reject Sacrifices |       |       |     1 |       ||     1
         Sacrifice a Hand  |       |       |     1 |       ||     1
         Sacrifice Essence |       |       |       |     1 ||     1
  Evoke: Wand              |       |       |     7 |     4 ||    11
    Use: Scroll            |     4 |       |    15 |     4 ||    23
   Stab: Sleeping          |     1 |     3 |     4 |     2 ||    10
         Invisible         |       |       |       |     1 ||     1
 Armour: Robe              |     5 |     3 |    20 |       ||    28
         Leather armour    |       |       |    57 |    78 ||   135
  Dodge: Dodged            |    15 |    22 |   188 |   104 ||   329
  Block: Other             |     6 |     8 |    75 |    33 ||   122

Table legend: (Time is in decaauts)
 A = Elapsed time spent in this place.
 B = Non-inter-level travel time spent in this place.
 C = Inter-level travel time spent in this place.
 D = Time resting spent in this place.
 E = Time spent auto-exploring this place.
 F = Levels seen in this place.
 G = Mean time per level.
                   A        B        C        D        E       F      G
               +--------+--------+--------+--------+--------+-----+--------+
         Total |  10130 |   9535 |    595 |   1254 |   6138 |  10 | 1013.0 |
       Dungeon |   9113 |   8518 |    595 |    919 |   5822 |   9 | 1012.6 |
       Ossuary |   1016 |   1016 |      0 |    335 |    316 |   1 | 1016.0 |
               +--------+--------+--------+--------+--------+-----+--------+

Top non-repeatable levels by time:
     D:2: 1610 daAuts
     D:4: 1404 daAuts
     D:7: 1402 daAuts
 Ossuary: 1016 daAuts
     D:8: 938 daAuts
     D:3: 906 daAuts
     D:1: 890 daAuts
     D:9: 786 daAuts
     D:6: 600 daAuts
     D:5: 574 daAuts
